 Dungeon Crawl Stone Soup version 0.24.0-13-gcf9b319 (webtiles) character file.

Game seed: 16769847813230698618, levelgen mode: deterministic

22792 Fang the Fighter (level 13, 0/84 HPs)
             Began as a Gargoyle Berserker on Dec 4, 2019.
             Was an Elder of Trog.
             Slain by an angel
             ... wielding a +1 whip of holy wrath
              (5 damage)
             ... on level 2 of the Abyss.
             The game lasted 00:14:18 (13003 turns).

Fang the Fighter (Gargoyle Berserker)              Turns: 13003, Time: 00:14:19

Health: 0/84       AC: 31    Str: 27    XL:     13   Next: 2%
Magic:  13/13      EV: 14    Int:  7    God:    Trog [****..]
Gold:   996        SH: 14    Dex:  9    Spells: 12/12 levels left

rFire    + . .     SeeInvis .   a - +2 war axe
rCold    + . .     Gourm    .   B - +2 shield {rC+ rF+}
rNeg     + . .     Faith    .   b - +0 plate armour
rPois    ∞         Spirit   .   (no helmet)
rElec    +         Reflect  .   (no cloak)
rCorr    .         Harm     .   (no gloves)
MR       ++...                  i - +2 pair of boots {run}
Stlth    ..........             y - amulet of the acrobat
HPRegen  1.24/turn              l - +4 ring of protection
MPRegen  0.13/turn              r - +4 ring of evasion

@: berserk cooldown, regenerating, glowing, quick
A: negative energy resistance 1, electricity resistance, unbreathing,
petrification resistance, rot immunity, AC +9
a: Berserk, Trog's Hand, Brothers in Arms, Renounce Religion


You were on level 2 of the Abyss.
You worshipped Trog.
Trog was greatly pleased with you.
You were not hungry.

You visited 3 branches of the dungeon, and saw 15 of its levels.
You visited the Abyss 1 time.

You collected 996 gold pieces.

Inventory:

Hand Weapons
 a - a +2 war axe (weapon)
Armour
 b - a +0 plate armour (worn)
 i - a +2 pair of boots of running (worn)
 B - a +2 shield of resistance (worn)
Jewellery
 l - a +4 ring of protection (left hand)
 q - an uncursed ring of flight
 r - a +4 ring of evasion (right hand)
 y - an amulet of the acrobat (around neck)
Wands
 o - a wand of polymorph (13)
 p - a wand of flame (43)
 v - a wand of iceblast (8)
 x - a wand of acid (11)
 F - a wand of paralysis (6)
Scrolls
 f - 4 scrolls of teleportation
 g - 8 scrolls of remove curse
 j - 2 scrolls of fog
 t - 2 scrolls of magic mapping
 w - 2 scrolls of fear
 C - a scroll of blinking
 G - a scroll of identify
Potions
 d - 3 potions of curing
 e - 7 potions of heal wounds
 h - 3 potions of might
 k - a potion of magic {unknown}
 m - 4 potions of flight
 n - a potion of haste
 s - 4 potions of mutation
 u - a potion of cancellation
 z - a potion of agility
 A - a potion of lignification {unknown}
 D - 2 potions of berserk rage
Comestibles
 c - 25 rations


   Skills:
 + Level 11.0 Fighting
 + Level 9.3 Axes
 + Level 10.8 Armour
 + Level 8.4 Dodging
 + Level 10.4 Shields


You had 12 spell levels left.
You didn't know any spells.
Your spell library was empty.

Dungeon Overview and Level Annotations

Branches:
Dungeon (11/15)            Temple (1/1) D:7            Lair (3/6) D:9
 Shoals (0/4) Lair:3
  Snake: Lair:2-4    Spider: Lair:2-4       Orc: D:9-12

Altars:
Gozag
Qazlal
Sif Muna
Trog
Uskayaw
Vehumet

Portals:
Trove: D:10 (give 6 potions of agility)

Annotations:
D:9 Prince Ribbit
Lair:3 Sonja


Innate Abilities, Weirdness & Mutations

You are resistant to torment.
Your stone body is resilient. (AC +9)
You are immune to poison.
You resist negative energy. (rN+)
You are resistant to electric shocks. (rElec)
You can survive without breathing.
You are immune to petrification.
You are immune to rotting.


Message History

You block the air elemental's attack.
The angel shouts!
Your skin crawls.
You feel resistant to hostile enchantments.
You feel somewhat more hungry.
You are engulfed in raging winds.
You block the thrashing horror's attack.
The thrashing horror tramples you.
* * * LOW HITPOINT WARNING * * *
You are shoved backwards!
You block the orange demon's attack.
As you read the scroll of enchant armour, it crumbles to dust.
Your +1 pair of boots of running glows green for a moment.
You float gracefully downwards.
The air elemental misses you. The angel hits you but does no damage.
You block the angel's attack.
The thrashing horror tramples you but does no damage.
The thrashing horror barely misses you. The air elemental hits you.
* * * LOW HITPOINT WARNING * * *
You block the ufetubus's attack. x2
The orange demon stings you but does no damage.
The angel hits you with a +1 whip of holy wrath.
You die...

... ... .. #..
.... .# #.# # ..
.. . #..#..# .#.#
...# .......
#..##...##
......3##§.#.....#
#..55§§.§...... .#
### #@X.# ...... #
.
.#.#§E#A#.§......
### ###
....§§§4.#.....# .
.#
...#.....#.§.#.#
...## . .
........§§##§#
...# .....
.....§§§#.§. .. #.
###'.....# ##.. ..
≈≈#.∩...§§# .|. .
#≈≈ #.........#...


You could see an angel, an orange demon, a thrashing horror, an air elemental, a
ynoxinul and 2 ufetubi.

Vanquished Creatures
  A tentacled starspawn (Abyss:2)
  Harold (D:9)
  Erolcha (D:9)
  A vault guard (D:10)
  A hydra (Lair:2)
  A two-headed ogre (D:11)
  2 ugly things
  A merfolk siren (Lair:3)
  Psyche (D:10)
  4 spiny frogs
  A merfolk (Lair:3)
  2 large abominations (Abyss:2)
  A troll (D:10)
  2 polar bears (Lair:2)
  6 blink frogs (Lair:1)
  4 hippogriffs
  A dream sheep (D:8)
  A shadow (D:10)
  Sigmund (D:4)
  A ynoxinul (Abyss:2)
  2 wyverns
  15 yaks
  Duvessa (D:6)
  2 water moccasins
  4 porcupines
  2 orc warriors (D:8)
  4 ice beasts
  8 sky beasts
  6 black bears
  4 ogres
  5 phantoms
  8 wolves
  4 centaurs
  A crocodile (Lair:2)
  A big kobold (D:8)
  Blork the orc (D:4)
  8 bullfrogs
  Dowan (D:6)
  2 wyvern skeletons
  4 scorpions
  11 killer bees (D:10)
  2 electric eels
  5 crimson imps
  7 jellies
  2 centaur zombies
  8 hounds
  11 orc wizards
  3 bullfrog skeletons
  7 orc priests
  2 centaur skeletons
  A gnoll shaman (D:8)
  An iguana (D:8)
  8 worker ants
  A hound zombie (D:11)
  A hound skeleton (D:9)
  12 gnolls
  21 adders
  4 shadow imps
  A white imp (Abyss:2)
  12 oozes
  3 adder skeletons
  3 worms
  5 dart slugs
  7 leopard geckos
  51 orcs
  2 ball pythons (D:1)
  7 giant cockroaches
  4 goblins
  5 hobgoblins
  2 jackals (D:11)
  5 quokkas
  13 bats
  8 frilled lizards
  16 kobolds
  A quokka zombie (D:8)
  10 rats
  2 plants
  3 starspawn tentacles (Abyss:2)
384 creatures vanquished.

Vanquished Creatures (collateral kills)
  2 hydras
  A dream sheep (D:8)
  2 yaks (D:8)
  2 big kobolds (D:8)
7 creatures vanquished.

Vanquished Creatures (others)
  6 fungi
  2 plants
  A starspawn tentacle (Abyss:2)
  9 toadstools (D:2)
18 creatures vanquished.

Grand Total: 409 creatures vanquished

Notes
Turn   | Place    | Note
-------+----------+-------------------------------------------
     0 | D:1      | Fang the Gargoyle Berserker began the quest for the Orb.
     0 | D:1      | Reached XP level 1. HP: 14/14 MP: 1/1
    77 | D:1      | Reached XP level 2. HP: 11/19 MP: 2/2
   570 | D:1      | Reached XP level 3. HP: 22/23 MP: 3/3
   655 | D:2      | Reached ** piety under Trog
   742 | D:2      | Reached skill level 1 in Shields
   750 | D:2      | Reached XP level 4. HP: 12/29 MP: 4/4
  1315 | D:2      | Reached skill level 4 in Fighting
  1342 | D:2      | Reached XP level 5. HP: 25/33 MP: 5/5
  1673 | D:2      | Reached XP level 6. HP: 33/39 MP: 6/6
  1675 | D:2      | Reached *** piety under Trog
  2409 | D:4      | Noticed Blork the orc
  2425 | D:4      | Killed Blork the orc
  2425 | D:4      | Reached XP level 7. HP: 35/44 MP: 7/7
  2707 | D:4      | Noticed Sigmund
  2717 | D:4      | Reached **** piety under Trog
  2724 | D:4      | Received a gift from Trog
  2746 | D:5      | Entered Level 5 of the Dungeon
  2746 | D:5      | Found a bloodstained altar of Trog.
  2907 | D:4      | Killed Sigmund
  2907 | D:4      | Reached skill level 5 in Fighting
  3501 | D:5      | Reached XP level 8. HP: 49/49 MP: 8/8
  3667 | D:5      | Found an opulent altar of Gozag.
  3667 | D:5      | Found a radiant altar of Vehumet.
  3757 | D:5      | Reached skill level 5 in Armour
  4307 | D:6      | Noticed Duvessa
  4307 | D:6      | Noticed Dowan
  4316 | D:6      | Killed Duvessa
  4318 | D:6      | Killed Dowan
  4325 | D:6      | Reached skill level 6 in Fighting
  4325 | D:6      | Reached skill level 5 in Axes
  4375 | D:6      | Found a hide-covered altar of Uskayaw.
  4649 | D:6      | Reached skill level 5 in Shields
  4771 | D:6      | Reached XP level 9. HP: 44/56 MP: 9/9
  4943 | D:7      | Identified a +0 pair of boots of running (You found it on
                  | level 7 of the Dungeon)
  5284 | D:7      | Found a staircase to the Ecumenical Temple.
  5321 | Temple   | Entered the Ecumenical Temple
  5683 | D:8      | Reached skill level 7 in Fighting
  5683 | D:8      | Reached skill level 5 in Dodging
  5683 | D:8      | Reached ***** piety under Trog
  5799 | D:8      | Noticed a three-headed hydra
  6135 | D:8      | Reached XP level 10. HP: 63/63 MP: 10/10
  6401 | D:8      | Killed a nine-headed hydra
  6460 | D:8      | Found a shimmering blue altar of Sif Muna.
  6471 | D:8      | Received a gift from Trog
  6476 | D:8      | Reached skill level 8 in Fighting
  6768 | D:9      | Found a stormy altar of Qazlal.
  6789 | D:9      | Noticed Harold
  6808 | D:9      | Killed Harold
  6814 | D:9      | You fall into a shaft and drop 1 floor!
  6814 | D:10     | Entered Level 10 of the Dungeon
  7188 | D:10     | Reached XP level 11. HP: 67/69 MP: 11/11
  7400 | D:10     | Noticed Psyche
  7407 | D:10     | Killed Psyche
  7407 | D:10     | Reached skill level 9 in Fighting
  7529 | D:10     | HP: 1/71 [something (7)]
  8001 | D:10     | Received a gift from Trog
  8014 | D:10     | Noticed a vault guard
  8028 | D:10     | Killed a vault guard
  8102 | D:10     | Found a portal to a secret trove of treasure.
  8464 | D:9      | Noticed Erolcha
  8475 | D:9      | Killed Erolcha
  8614 | D:9      | Noticed a red ugly thing
  8626 | D:9      | Killed a red ugly thing
  8866 | D:9      | Found a staircase to the Lair.
  9095 | D:9      | Noticed Prince Ribbit
  9634 | D:11     | Noticed a two-headed ogre
  9643 | D:11     | Killed a two-headed ogre
  9644 | D:11     | Reached XP level 12. HP: 77/77 MP: 12/12
  9730 | D:11     | Reached skill level 10 in Fighting
 10141 | Lair:1   | Entered Level 1 of the Lair of Beasts
 10369 | Lair:1   | Noticed a five-headed hydra
 10376 | Lair:1   | Killed a six-headed hydra
 10549 | Lair:1   | Reached skill level 10 in Armour
 11200 | Lair:2   | Noticed a six-headed hydra
 11215 | Lair:2   | Killed an 11-headed hydra
 11289 | Lair:2   | Reached skill level 10 in Shields
 11423 | Lair:2   | You fall into a shaft and drop 1 floor!
 12246 | Lair:3   | Found a staircase to the Shoals.
 12276 | Lair:3   | Noticed Sonja
 12806 | Lair:3   | Cast into level 2 of the Abyss (Sonja)
 12897 | Abyss:2  | Noticed a tentacled starspawn
 12908 | Abyss:2  | Killed a tentacled starspawn
 12917 | Abyss:2  | Reached XP level 13. HP: 84/84 MP: 13/13
 12933 | Abyss:2  | Reached skill level 11 in Fighting
 12935 | Abyss:2  | Noticed an angel
 13003 | Abyss:2  | Slain by an angel

Levels and vault maps discovered:
D:1:      wander_arrival_fairy_ring, layout_basic
D:2:      cheibrodos_fertilizer, layout_rooms
D:3:      layout_basic, first_ration, feat_on_display
D:4:      layout_basic, uniq_sigmund, uniq_blork_the_orc
D:5:      layout_loops_ring, gammafunk_temple_overflow_statue, bloody_trog,
          hangedman_decor_push
D:6:      layout_rooms, old_standard_altar, uniq_duvessa
D:7:      layout_rooms, minmay_temple_entry_junction_2, serial_bayou,
          serial_bayou_shore_b, serial_bayou_pond_e, serial_bayou_pond_a,
          serial_bayou_crossing, serial_bayou_pond_d, serial_bayou_shore_b
D:8:      layout_basic, lemuel_crystal_altar, special_room [special_room_orc],
          hangedman_ranch [blue_anna_fruit_fields]
D:9:      layout_grid_maze, old_standard_altar, dpeg_oklobed_lair, uniq_harold,
          uniq_prince_ribbit1, uniq_erolcha
D:10:     layout_roguey, enter_trove_5, uniq_psyche
D:11:     layout_rooms, nrook_campfire
Temple:   eino_temple_scatter_basement
Lair:1:   wander_river, layout_cave_pods
Lair:2:   layout_gridlike, gammafunk_lair_bear_cave
Lair:3:   layout_cave_pods, elwin_shoals_entry_rooms, grunt_megastairs_2,
          wad_woods_river_01, uniq_sonja
Abyss:2

Skill      XL: |  1  2  3  4  5  6  7  8  9 10 11 12 13 |
---------------+----------------------------------------+-----
Dodging        | 2 3 4 5 6 7 8 |  8.4
Axes           | 3 4 5 6 7 8 9 |  9.3
Shields        | 1 2 3 5 6 7 9 10 | 10.4
Armour         | 3 4 5 7 8 9 10 | 10.8
Fighting       | 4 5 6 7 8 9 10 11 | 11.0

Action                   |  1- 3 |  4- 6 |  7- 9 | 10-12 | 13-15 || total
-------------------------+-------+-------+-------+-------+-------++-------
Melee: Hand axe          |   114 |   229 |    74 |       |       ||   417
       War axe           |       |       |   366 |   858 |    54 ||  1278
Invok: Berserk           |     1 |     5 |     7 |    11 |     1 ||    25
       Trog's Hand       |       |     2 |     2 |     1 |     2 ||     7
       Brothers in Arms  |       |       |       |     6 |       ||     6
  Use: Scroll            |     4 |     2 |    13 |     8 |     1 ||    28
       Potion            |       |       |     1 |       |       ||     1
  Eat: Chunk             |       |     4 |    21 |    28 |       ||    53
       Ration            |       |     2 |       |     2 |     1 ||     5
Armor: Animal skin       |    51 |   108 |    47 |       |       ||   206
       Chain mail        |       |       |   147 |       |       ||   147
       Plate armour      |       |       |    38 |   501 |    84 ||   623
Dodge: Dodged            |    64 |   113 |   171 |   516 |    75 ||   939
Block: Shield            |    42 |   141 |   285 |   768 |   103 ||  1339
